[Event "XTX Markets London Masters 2024"]
[Site "London"]
[Date "2024.11.30"]
[Round "2.14"]
[White "Balaji, Aaravamudhan"]
[Black "Goh, Jinghan Cameron"]
[Result "0-1"]
[ECO "E40"]
[WhiteElo "2377"]
[BlackElo "2017"]
[Annotator "TA"]
[PlyCount "106"]
[EventDate "2024.11.28"]
[EventType "swiss"]
[EventCountry "ENG"]
[SourceTitle "playchess.com"]
[Source "ChessBase"]
[SourceQuality "1"]
[TimeControl "40/5400+30:1800+30"]

1. d4 Nf6 2. c4 e6 3. Nc3 Bb4 4. e3 O-O 5. a3 Bxc3+ 6. bxc3 Nc6 7. Bd3 e5 8. f3 e4 9. fxe4 (9. Bxe4 Nxe4 10. fxe4 Qh4+ 11. Kf1 Qxe4 $17) 9... Nxe4 10. Ne2 f5 11. O-O d6 12. Qc2 Na5 13. Ng3 Nxg3 14. hxg3 g6 (14... Be6 $11) 15. Bd2 Be6 16. d5 Bd7 {[%emt 0:01:05] [#]} 17. c5 $1 Qe8 $1 18. a4 dxc5 19. c4 b6 20. e4 fxe4 21. Rxf8+ Qxf8 22. Rf1 (22. Bxe4 $11 Qf6 23. Bc3) 22... Qg7 $17 23. Bxe4 Qd4+ 24. Kh2 {[%emt 0:12:13][%cal Od5d6] [#] Strongly threatening d6!.} Bxa4 $2 25. Qc3 $2 (25. Qxa4 $11 Qxd2 26. Rf4) 25... Nxc4 $19 (25... Qxe4 26. Qf6 Qg4 27. Bc3 (27. Qf7+ Kh8 28. Bc3+ Qd4 29. Bxd4+ cxd4 30. Qe7 Kg8 31. Rf7 Nxc4 32. Rxh7 Rf8 33. Qg7#)) 26. Qxd4 cxd4 27. Bh6 Nd6 28. Bb1 Bb3 29. Rc1 Bxd5 30. Rxc7 Nf7 31. Bf4 a5 32. Rd7 Rd8 33. Ra7 Ra8 34. Rd7 Bc4 35. Be4 $2 (35. Rxd4 b5 36. Bc1) 35... Rd8 36. Rc7 b5 37. Ra7 d3 38. Bd2 Nd6 39. Bc6 (39. Bxd3 $142 Bxd3 40. Bxa5) 39... b4 40. Bg5 Nc8 (40... b3 $142 41. Bxd8 b2) 41. Rc7 $2 (41. Ra8 {keeps fighting.} d2 42. Bf3) 41... Rf8 42. Bh6 {[%emt 0:02:19] [#]} Be6 $1 43. Bb5 (43. Ba4 Rd8) 43... Rf5 44. Bc4 Rh5+ 45. Kg1 Bxc4 46. Rxc8+ {[%emt 0:01:31][%mdl 4096] Endgame KRB-KRB. Black is 3 pawns up.} Kf7 47. Bd2 Bb3 48. Kf2 Re5 49. Rc7+ Ke6 50. Be3 Bc2 {[%emt 0:00:26] Threatens to win with ...b3.} 51. Rb7 b3 52. Kf3 Rf5+ 53. Kg4 Bd1+ 0-1

[Event "XTX Markets London Masters 2024"]
[Site "London"]
[Date "2024.11.30"]
[Round "2.15"]
[White "Smith, Olivia"]
[Black "Fodor, Tamas Jr."]
[Result "0-1"]
[ECO "C12"]
[WhiteElo "2129"]
[BlackElo "2518"]
[Annotator "TA"]
[PlyCount "62"]
[EventDate "2024.11.28"]
[EventType "swiss"]
[EventCountry "ENG"]
[SourceTitle "playchess.com"]
[Source "ChessBase"]
[SourceQuality "1"]
[TimeControl "40/5400+30:1800+30"]

1. e4 e6 2. d4 d5 3. Nc3 Nf6 4. Bg5 Bb4 5. e5 h6 6. Bd2 Bxc3 7. bxc3 Ne4 8. Qg4 g6 9. Bd3 Nxd2 10. Kxd2 c5 11. Nf3 c4 12. Be2 Nc6 13. Rhb1 Qe7 14. a4 {[%emt 0:03:35] The position is equal.} b6 15. h4 Bd7 16. Qf4 O-O-O 17. a5 Nxa5 $15 18. Ke1 Nc6 19. Qc1 Kc7 20. g3 Rb8 21. Rb5 Rb7 22. Rb2 a5 23. Kf1 h5 24. Ng5 Rhb8 25. Qf4 Be8 26. Bxc4 $2 {[%emt 0:09:08][%mdl 8192] [#] Now White is beyond hope.} dxc4 $19 27. Ne4 Rd8 28. Rab1 Rbb8 29. Nd2 $2 {[%emt 0:02:59] [#]} (29. Nd6) 29... Nxd4 $1 {[%emt 0:04:00] Black is clearly winning.} 30. cxd4 c3 31. d5 (31. Ra2 $142 cxd2 32. Qxd2) 31... Rxd5 {[%emt 0:01:28] Weighted Error Value: White=0.69/Black=0.12 (very precise) .  Loses game:     	White=1     	---        Mistake:       	White=3     	---        Inaccurate:     	White=3     	Black=4      OK:         	White=5     	Black=9      Best:        	---       	Black=2} ({Weaker is} 31... cxd2 32. d6+ $17) 0-1

[Event "XTX Markets London Masters 2024"]
[Site "London"]
[Date "2024.11.30"]
[Round "2.16"]
[White "Willmoth, Robert F"]
[Black "Pert, Richard G"]
[Result "1/2-1/2"]
[ECO "A11"]
[WhiteElo "2101"]
[BlackElo "2399"]
[Annotator "TA"]
[PlyCount "56"]
[EventDate "2024.11.28"]
[EventType "swiss"]
[EventCountry "ENG"]
[SourceTitle "playchess.com"]
[Source "ChessBase"]
[SourceQuality "1"]
[TimeControl "40/5400+30:1800+30"]

1. Nf3 d5 2. e3 Nf6 3. c4 c6 4. Nc3 e6 5. Qc2 Bd6 6. b3 O-O 7. Bb2 e5 8. cxd5 cxd5 9. Nb5 {[%emt 0:02:14][%cal Ob5d6] aiming for Nxd6!} Nc6 $1 10. Nxd6 Qxd6 11. d4 Nb4 12. Qd1 e4 13. Ne5 Ne8 {[%emt 0:01:07] Hoping for ...f6.} 14. a3 f6 15. Nc4 dxc4 16. axb4 Qxb4+ 17. Qd2 Qxb3 {[%emt 0:01:43] ...Nd6 is the strong threat.} 18. Ra3 {[%emt 0:03:46][%cal Ba1a3,Ba3b3,Bb3b2,Bb2b7,Bb7c7][%mdl 32] [#]} c3 19. Rxb3 $11 {[%emt 0:06:27] The position is equal.} cxd2+ 20. Kxd2 Nd6 {[%emt 0:02:21] Dodges Bc4+} 21. Ba3 Be6 22. Rb2 Rfd8 23. Bxd6 Rxd6 24. Rxb7 Rb6 25. Rc7 Rb2+ 26. Rc2 Rb1 27. Rc6 Bf7 28. g4 Rab8 {[%emt 0:11:00] Weighted Error Value: White=0.04 (flawless) /Black=0.05 (flawless) .  Mistake:       	---       	Black=1      OK:         	White=10    	Black=12     Best:        	White=3     	---        Strong:       	---       	Black=1} 1/2-1/2

[Event "XTX Markets London Masters 2024"]
[Site "London"]
[Date "2024.11.30"]
[Round "2.17"]
[White "Tanmay Chopra"]
[Black "Stone, Andrew M"]
[Result "1-0"]
[ECO "D39"]
[WhiteElo "2361"]
[BlackElo "2118"]
[Annotator "TA"]
[PlyCount "71"]
[EventDate "2024.11.28"]
[EventType "swiss"]
[EventCountry "ENG"]
[SourceTitle "playchess.com"]
[Source "ChessBase"]
[SourceQuality "1"]
[TimeControl "40/5400+30:1800+30"]

1. d4 d5 2. c4 e6 3. Nf3 Nf6 4. Nc3 Bb4 5. Bg5 dxc4 6. e4 b5 7. a4 (7. e5 $5 h6 8. exf6 hxg5 9. fxg7 $11) 7... h6 8. Bxf6 Qxf6 9. axb5 Qg6 (9... Bb7 $14 {should be considered.}) 10. Qa4 Bxc3+ 11. bxc3 Qxe4+ 12. Be2 {[%emt 0:00:08][%cal Of3d2] Nd2! would now be deadly.} O-O $2 {[%emt 0:01:09][%mdl 8192] [#]} (12... Bb7 $14) 13. Nd2 $1 $18 (13. Qxc4 a6 14. O-O (14. Qxc7 axb5 15. Rxa8 Qxa8 $11) 14... axb5 15. Qxb5 (15. Qxc7 Rxa1 16. Rxa1 Qxe2 $11) 15... Ba6 $14) 13... Qb7 14. Bf3 (14. Qxc4 Qb6 15. Qa4 e5 $18) 14... c6 15. Nxc4 a5 16. O-O (16. Nxa5 Qa7 17. bxc6 Ba6 $18) 16... Ra7 17. Rfb1 $2 (17. Bxc6 Nxc6 18. bxc6 Qe7 $18) (17. Nxa5 cxb5 18. Qb4 Qe7 $14) (17. bxc6 $18 {has better winning chances.} Qc7 18. Rfb1 (18. Nxa5 Re8 $18)) 17... cxb5 $16 18. Rxb5 (18. Nxa5 $2 Qxf3 19. Qb4 Qa8 20. Qxb5 Ba6 $19) 18... Qc7 19. Rc5 $1 (19. Nxa5 $2 {loses.} Bd7 20. c4 Bxb5 21. cxb5 Qb6 $19) 19... Qd8 20. Rxa5 {[%emt 0:01:17] White is much more active. The black rooks are passive. Black is weak on the dark squares} Bd7 (20... Rc7 $16 21. Qb4 Nc6 22. Bxc6 Rxc6) 21. Qa3 Rc7 22. Ne5 (22. Rc5 $18) 22... Nc6 (22... Bc6 $16 23. Nxc6 Nxc6) 23. Ra8 $18 Nxe5 24. Rxd8 ({Don't play} 24. dxe5 $6 Bc8 $16) 24... Nxf3+ 25. gxf3 Rxd8 {[%emt 0:00:07] [#]} 26. Qd6 $1 Rc6 27. Qe7 Rcc8 28. Ra7 Be8 29. f4 g6 30. Rc7 Ra8 {[%emt 0:05:56] [#]} 31. f5 $1 exf5 (31... gxf5 32. h3) 32. h4 h5 (32... Rab8 $142 33. h5 gxh5) 33. Qf6 f4 34. c4 f3 35. d5 (35. Qxf3 Ra1+ 36. Kg2 Rxd4 $16) 35... Rdb8 36. Qxf3 1-0

[Event "XTX Markets London Masters 2024"]
[Site "London"]
[Date "2024.11.30"]
[Round "2.18"]
[White "Wells, Peter K"]
[Black "Patel, Zain"]
[Result "1-0"]
[ECO "E04"]
[WhiteElo "2351"]
[BlackElo "2083"]
[Annotator "TA"]
[PlyCount "97"]
[EventDate "2024.11.28"]
[EventType "swiss"]
[EventCountry "ENG"]
[SourceTitle "playchess.com"]
[Source "ChessBase"]
[SourceQuality "1"]
[TimeControl "40/5400+30:1800+30"]

1. d4 Nf6 2. Nf3 e6 3. c4 d5 4. g3 dxc4 5. Bg2 c5 6. O-O Nc6 7. dxc5 Qxd1 8. Rxd1 Bxc5 9. Nbd2 c3 10. bxc3 O-O 11. Nb3 Be7 12. c4 Bd7 13. Bb2 Rfc8 14. Rab1 {[%emt 0:32:24] [#] Bxf6 would now be deadly.} Be8 15. Nfd4 {[%emt 0:14:35] The position is equal.} Nxd4 16. Bxd4 Rxc4 17. Bxb7 Rd8 18. Bf3 Ra4 19. Bxf6 Rxd1+ (19... gxf6 $6 20. Rxd8 Bxd8 21. Nc5 $16) 20. Rxd1 Bxf6 (20... gxf6 $11 21. Rd2 Rc4) 21. Rc1 $1 $14 {[%emt 0:00:16] And now Rc8 would win.} Kf8 (21... Rxa2 $2 22. Rc8 g6 (22... Kf8 $2 23. Bc6 $18) 23. Rxe8+ $18) 22. Rc8 $1 Ra6 {[%emt 0:01:02][%cal Of8e7] Inhibits Bc6.} (22... Rxa2 $2 23. Bc6 g6 24. Bxe8 $18 (24. Rxe8+ Kg7 $18)) 23. Nc5 Rd6 (23... Rxa2 $2 24. Bc6 Ke7 25. Bxe8 $18) 24. Ra8 Bd4 25. Nb7 Ra6 26. e3 Bf6 (26... Be5 $142) 27. Nc5 $16 Rd6 {[%emt 0:00:33] [#]} (27... Rxa2 $2 28. Bc6 Ke7 (28... Ra1+ $2 29. Kg2 $18) 29. Bxe8 $18 (29. Rxe8+ Kd6 $18)) 28. Rxa7 (28. Ne4 $1 $16 Ra6 29. Nc5) 28... Rd8 29. Ra8 {[%emt 0:04:24] White is much more active.} (29. a4 $16) 29... Ke7 30. Rxd8 Kxd8 $14 {[%emt 0:00:05][%mdl 4096] Endgame. KBB-KBN} 31. Be4 Be7 32. Nb3 Kc7 33. f4 h6 34. Kf2 Kb6 35. Bd3 Bb5 $2 {[%emt 0:03:45] This move loses the game for Black.} (35... Kc7 $14) 36. Bxb5 $18 Kxb5 {[%emt 0:00:04] KB-KN} 37. Ke2 Kb4 38. Nd4 {[%emt 0:00:29] Nc6+ is the strong threat.} Ka3 $2 (38... Kc5 {is a better chance.} 39. Kd3 Bf6) 39. Nc6 Bf6 40. e4 {[%emt 0:00:19][%cal Be3e4,Be4e5][%mdl 32] Dodges g6} Bc3 41. Nd8 Kxa2 (41... Kb4 $142 42. Nxf7 Bf6) 42. Nxf7 Kb3 43. Kd3 Bf6 {[%emt 0:00:00] Prevents Nd8} 44. e5 Be7 45. Nd6 {[%emt 0:00:00] Strongly threatening f5.} Kb4 46. Ne8 g5 47. Ng7 {[%emt 0:00:00] White mates.} gxf4 48. gxf4 Kc5 49. Ke4 {[%emt 0:00:00] Weighted Error Value: White=0.09 (flawless) /Black=0.48.  Mistake:       	White=2     	Black=5      Inaccurate:     	---       	Black=1      OK:         	White=9     	Black=8      Best:        	White=5     	Black=1      Strong:       	White=2     	---} 1-0

[Event "XTX Markets London Masters 2024"]
[Site "London"]
[Date "2024.11.30"]
[Round "2.19"]
[White "Pert, Max"]
[Black "Petrov, Vladimir Sergeev"]
[Result "1-0"]
[ECO "A47"]
[WhiteElo "2076"]
[BlackElo "2349"]
[Annotator "TA"]
[PlyCount "91"]
[EventDate "2024.11.28"]
[EventType "swiss"]
[EventCountry "ENG"]
[SourceTitle "playchess.com"]
[Source "ChessBase"]
[SourceQuality "1"]
[TimeControl "40/5400+30:1800+30"]

1. d4 Nf6 2. Nf3 e6 3. Bf4 b6 4. e3 Bb7 5. Nbd2 h6 6. h3 d6 7. Bd3 g5 8. Bh2 {[%emt 0:05:09] White is slightly better.} Nbd7 9. Qe2 Qe7 10. e4 Bg7 11. O-O-O g4 (11... O-O-O $142) 12. hxg4 $16 Nxg4 13. Bg3 h5 14. e5 (14. Kb1 $142) 14... dxe5 15. dxe5 f5 $2 (15... O-O-O $16) 16. exf6 Qxf6 17. c3 $1 (17. Bxc7 $2 Qxb2#) 17... Nc5 18. Bh4 (18. Bxc7 Nxd3+ 19. Qxd3 Qf5 20. Qxf5 exf5 $16) (18. Bb5+ $18 Kf7 19. Bc4 (19. Bxc7 Rac8 $18)) 18... Nxd3+ 19. Qxd3 Qf5 20. Qxf5 exf5 21. Rhe1+ Kf8 22. Ng5 (22. Re7 $16) 22... Bh6 {[%emt 0:06:23] [#]} (22... Re8 $14) 23. Re2 (23. Ne6+ $1 $16 Kg8 24. Nxc7) 23... Re8 24. Rxe8+ {[%emt 0:02:49] White stays focused until the end.} Kxe8 25. Re1+ Kd7 {[%emt 0:01:27][%cal Og4f2] [#]} 26. f3 Nf2 27. Kc2 {[%emt 0:01:18] Prevents Nd3} Bxg5 28. Bxg5 {[%emt 0:00:07] Re7+ would now be deadly.} Rg8 29. Re7+ Kc8 30. Bf4 Ba6 (30... Kd8 {is a better defense.} 31. Rxc7 Ba6) 31. Rxc7+ $18 Kd8 32. c4 (32. Rxa7 Bd3+ 33. Kb3 Rxg2 $16) 32... Rxg2 33. Rxa7 Bc8 34. Rh7 Be6 35. Bc7+ (35. Rxh5 Bd7 36. Rh6 Be8 $18) 35... Ke8 36. Bxb6 Bf7 37. c5 f4 {[%emt 0:00:51] And now ...Bg6+ would win.} 38. Rh8+ Kd7 $2 (38... Rg8) 39. Rd8+ Kc6 40. Rd6+ Kb5 41. Rf6 (41. a4+ Kxa4 42. c6 Bg6+ 43. Rxg6 (43. Kc3 Nd1+ 44. Kc4 Nxb2+ 45. Kc5 Nd3+ 46. Kd5 Rxd2 $11) 43... Rxg6 44. Bxf2 Rxc6+ 45. Kd3 Rc1 $18) 41... Bg6+ (41... Bg8 42. Ba7 (42. Rxf4 Bxa2 43. Rf6 Bg8 $16) 42... Bh7+ 43. Kb3 Bg8+ 44. Ka3 Nd3) 42. Kb3 Nd3 43. a4+ Ka6 44. Nc4 Nc1+ 45. Ka3 Bd3 {[%emt 0:03:33] [#]} 46. Rf7 $1 {[%emt 0:00:00] Weighted Error Value: White=0.29 (precise) /Black=0.44.  Loses game:     	---       	Black=1      Mistake:       	White=4     	Black=5      Inaccurate:     	White=1     	Black=5      OK:         	White=17    	Black=9      Best:        	White=5     	Black=4      Strong:       	White=1     	---} 1-0

[Event "XTX Markets London Masters 2024"]
[Site "London"]
[Date "2024.11.30"]
[Round "2.20"]
[White "Hill, Alistair"]
[Black "Fava, Lorenzo"]
[Result "1/2-1/2"]
[ECO "A25"]
[WhiteElo "2076"]
[BlackElo "2300"]
[Annotator "RC"]
[PlyCount "69"]
[EventDate "2024.11.28"]
[EventType "swiss"]
[EventCountry "ENG"]
[SourceTitle "playchess.com"]
[Source "ChessBase"]
[SourceQuality "1"]
[TimeControl "40/5400+30:1800+30"]

1. c4 g6 2. d4 Bg7 3. Nf3 d6 4. Nc3 Nc6 5. e3 e5 6. Be2 exd4 7. exd4 Nge7 8. d5 Ne5 9. Bg5 h6 10. Bf4 O-O 11. Nd4 c5 12. dxc6 bxc6 13. O-O Rb8 14. b3 a6 15. Rc1 c5 16. Nf3 Qc7 17. Qd2 g5 18. Nxe5 dxe5 19. Be3 Nf5 20. Nd5 Qd6 21. Bd3 Nd4 22. Rfe1 f5 23. Bxd4 exd4 24. Re2 Bd7 25. Rce1 Rf7 26. Qa5 Kh8 27. Re7 Rxe7 28. Rxe7 Be5 29. g3 Rf8 30. Qb6 Bc8 31. Rxe5 Qxe5 32. Qxh6+ Kg8 33. Qg6+ Kh8 34. Qh6+ Kg8 35. Qg6+ 1/2-1/2

[Event "XTX Markets London Masters 2024"]
[Site "London"]
[Date "2024.11.30"]
[Round "2.21"]
[White "Salem, Ihab"]
[Black "Richardson, John R"]
[Result "0-1"]
[ECO "B11"]
[WhiteElo "2071"]
[BlackElo "2287"]
[Annotator "RC"]
[PlyCount "112"]
[EventDate "2024.11.28"]
[EventType "swiss"]
[EventCountry "ENG"]
[SourceTitle "playchess.com"]
[Source "ChessBase"]
[SourceQuality "1"]
[TimeControl "40/5400+30:1800+30"]

1. e4 c6 2. Nc3 d5 3. Nf3 dxe4 4. Nxe4 Nf6 5. Qe2 Nxe4 6. Qxe4 Nd7 7. Bc4 Nf6 8. Qe2 b5 9. Bb3 e6 10. O-O Bd6 11. a4 a6 12. d4 O-O 13. Bg5 Bb7 14. Ne5 Qc7 15. Bxf6 gxf6 16. Ng4 Be7 17. Nh6+ Kg7 18. Qe3 c5 19. c3 Bd6 20. g3 Bf4 21. gxf4 Kxh6 22. f5+ Kg7 23. Qg3+ Qxg3+ 24. fxg3 cxd4 25. cxd4 Rfd8 26. fxe6 fxe6 27. Rfc1 Bd5 28. Rc7+ Kg6 29. Bc2+ f5 30. Rc1 bxa4 31. Bxa4 Rab8 32. R1c2 Rb4 33. Bc6 Rxd4 34. Bxd5 R8xd5 35. Kf2 Rd2+ 36. Ke1 Rxc2 37. Rxc2 Kf6 38. Ke2 a5 39. Ke3 h5 40. h4 Rb5 41. Kf3 Rb3+ 42. Kf2 a4 43. Kg2 e5 44. Rc6+ Kf7 45. Rc2 Ke6 46. Rd2 e4 47. Rc2 Kd5 48. Rf2 Ke5 49. Rc2 f4 50. gxf4+ Kxf4 51. Re2 Rg3+ 52. Kf1 Rh3 53. Rc2 Rxh4 54. Rc4 Kf3 55. Ke1 Rh1+ 56. Kd2 e3+ 0-1

[Event "XTX Markets London Masters 2024"]
[Site "London"]
[Date "2024.11.30"]
[Round "2.22"]
[White "Yoon, Jacob D"]
[Black "Hanache, Kai"]
[Result "1-0"]
[ECO "D02"]
[WhiteElo "2270"]
[BlackElo "2080"]
[Annotator "RC"]
[PlyCount "77"]
[EventDate "2024.11.28"]
[EventType "swiss"]
[EventCountry "ENG"]
[SourceTitle "playchess.com"]
[Source "ChessBase"]
[SourceQuality "1"]
[TimeControl "40/5400+30:1800+30"]

1. Nf3 Nf6 2. d4 g6 3. Nbd2 d5 4. b4 Bg7 5. e3 a5 6. b5 c5 7. bxc6 Nxc6 8. c4 O-O 9. Be2 e5 10. Nxe5 Nxe5 11. dxe5 Ne4 12. Bb2 Nxd2 13. Qxd2 dxc4 14. Qxd8 Rxd8 15. Bxc4 a4 16. Bd4 Bf5 17. O-O Rac8 18. Rac1 Bh6 19. f4 Bf8 20. Bb5 a3 21. Bc4 Bb4 22. Bb3 Bd3 23. Rfd1 Be4 24. e6 Kf8 25. exf7 Be7 26. Be6 Rxc1 27. Rxc1 Bd5 28. Bxd5 Rxd5 29. Kf2 Kxf7 30. Kf3 h5 31. g3 Ke6 32. h3 g5 33. Ke4 h4 34. g4 Rb5 35. f5+ Kd7 36. Rd1 Rb4 37. Kd3 Bd6 38. Bf6 Bg3 39. Kc3+ 1-0

[Event "XTX Markets London Masters 2024"]
[Site "London"]
[Date "2024.11.30"]
[Round "2.23"]
[White "Tashkinova, Sofiia"]
[Black "Arakhamia-Grant, Ketevan"]
[Result "1-0"]
[ECO "B31"]
[WhiteElo "2066"]
[BlackElo "2265"]
[Annotator "RC"]
[PlyCount "65"]
[EventDate "2024.11.28"]
[EventType "swiss"]
[EventCountry "ENG"]
[SourceTitle "playchess.com"]
[Source "ChessBase"]
[SourceQuality "1"]
[TimeControl "40/5400+30:1800+30"]

1. e4 c5 2. Nf3 Nc6 3. Bb5 g6 4. O-O Bg7 5. Re1 e5 6. Nc3 Nge7 7. Bc4 O-O 8. Nd5 d6 9. c3 h6 10. a4 Kh7 11. Rb1 f5 12. d3 Nxd5 13. Bxd5 f4 14. Nd2 Qf6 15. f3 g5 16. b4 cxb4 17. cxb4 h5 18. b5 Ne7 19. Bb2 g4 20. Rc1 Nxd5 21. exd5 Qg6 22. d4 Bf5 23. dxe5 dxe5 24. Bxe5 Bxe5 25. Rxe5 Rf7 26. Rc4 Bd3 27. Rd4 Rc8 28. d6 Rd7 29. Rdd5 Rg7 30. Rxh5+ Kg8 31. Rhg5 Qh7 32. Rxg7+ Kxg7 33. fxg4 1-0

[Event "XTX Markets London Masters 2024"]
[Site "London"]
[Date "2024.11.30"]
[Round "2.24"]
[White "Carlin, John D"]
[Black "Dasgupta, Avyukt"]
[Result "1/2-1/2"]
[ECO "C10"]
[WhiteElo "2235"]
[BlackElo "2034"]
[Annotator "RC"]
[PlyCount "104"]
[EventDate "2024.11.28"]
[EventType "swiss"]
[EventCountry "ENG"]
[SourceTitle "playchess.com"]
[Source "ChessBase"]
[SourceQuality "1"]
[TimeControl "40/5400+30:1800+30"]

1. e4 e6 2. d4 d5 3. Nc3 dxe4 4. Nxe4 Bd7 5. Nf3 Bc6 6. Bd3 Nd7 7. O-O Ngf6 8. Qe2 Nxe4 9. Bxe4 Bxe4 10. Qxe4 c6 11. b3 Nf6 12. Qe2 g6 13. Re1 Bg7 14. Ba3 Qa5 15. Bc5 b6 16. Bd6 Rd8 17. Qe5 Qd5 18. Ba3 Nh5 19. c4 Qxe5 20. dxe5 c5 21. Bc1 f5 22. g3 O-O 23. Kg2 h6 24. h4 Rd7 25. Bb2 Rfd8 26. Bc3 Bf8 27. Rac1 Ng7 28. Re2 Be7 29. Bd2 Kh7 30. Rc2 Ne8 31. Rb2 Nc7 32. Be3 a5 33. Red2 Na6 34. a3 Nb8 35. Rxd7 Rxd7 36. Rd2 Rxd2 37. Bxd2 Nc6 38. Kf1 Kg7 39. Ke2 Bf8 40. Kd3 Kf7 41. Bc3 Bg7 42. Ke3 h5 43. Kf4 Bh6+ 44. Ng5+ Ke7 45. Ke3 Bxg5+ 46. hxg5 Kd7 47. a4 Nd8 48. f4 Kc6 49. Kd3 Nb7 50. Ke3 Nd8 51. Kd3 Nb7 52. Ke3 Nd8 1/2-1/2

[Event "XTX Markets London Masters 2024"]
[Site "London"]
[Date "2024.11.30"]
[Round "2.25"]
[White "Gallana, Marco"]
[Black "Jermy, Jaden"]
[Result "1-0"]
[ECO "E07"]
[WhiteElo "2216"]
[BlackElo "2011"]
[Annotator "RC"]
[PlyCount "89"]
[EventDate "2024.11.28"]
[EventType "swiss"]
[EventCountry "ENG"]
[SourceTitle "playchess.com"]
[Source "ChessBase"]
[SourceQuality "1"]
[TimeControl "40/5400+30:1800+30"]

1. c4 Nf6 2. g3 e6 3. Bg2 d5 4. Nf3 Be7 5. O-O O-O 6. b3 Nbd7 7. d4 Ne4 8. Nfd2 f5 9. Nxe4 dxe4 10. Bb2 Bf6 11. Nc3 c6 12. Qd2 e5 13. d5 Nb6 14. Rfd1 cxd5 15. cxd5 Bg5 16. e3 Bd7 17. a4 Be8 18. Qe2 Rc8 19. Rac1 Bf7 20. Bf1 a6 21. Qd2 Qd6 22. Ra1 Nd7 23. Ba3 Nc5 24. a5 Qh6 25. Bxc5 Rxc5 26. b4 Rc7 27. h4 Bxh4 28. gxh4 Bh5 29. d6 Bf3 30. Ne2 Qxh4 31. Ng3 f4 32. Bg2 Rcf7 33. d7 Bxd1 34. Rxd1 fxg3 35. d8=Q Qh2+ 36. Kf1 Rxd8 37. Qxd8+ Rf8 38. Qd5+ Kh8 39. Qf7 Rg8 40. Qf5 gxf2 41. Kxf2 Qh4+ 42. Ke2 Qe7 43. Rd7 Qxb4 44. Bxe4 Qc4+ 45. Kf2 1-0

[Event "XTX Markets London Masters 2024"]
[Site "London"]
[Date "2024.11.30"]
[Round "2.27"]
[White "Smirin, Ilia"]
[Black "Banerjee, Supratit"]
[Result "1-0"]
[ECO "B12"]
[WhiteElo "2574"]
[BlackElo "2141"]
[Annotator "TA"]
[PlyCount "71"]
[EventDate "2024.11.28"]
[EventType "swiss"]
[EventCountry "ENG"]
[SourceTitle "playchess.com"]
[Source "ChessBase"]
[SourceQuality "1"]
[TimeControl "40/5400+30:1800+30"]

1. e4 c6 2. d4 d5 3. e5 Bf5 4. Nf3 e6 5. Be2 c5 6. O-O Nc6 7. c3 cxd4 8. Nxd4 Nge7 9. Nxf5 Nxf5 {[%emt 0:00:13] The position is equal.} 10. Bd3 Nfe7 11. f4 g6 12. Nd2 Bg7 13. Nf3 O-O 14. Be3 Rc8 15. Qe2 b6 16. Kh1 {[%emt 0:03:02] White is much more active.} Qd7 17. Rae1 Rfd8 18. Bf2 Re8 ({Black should try} 18... h5 19. Bh4 Qc7) 19. g4 $16 Rf8 20. h4 f6 (20... d4 $16 {is a better defense.}) 21. exf6 $18 Rxf6 22. Ng5 Rxf4 23. Nxe6 Rf7 24. Bb5 Bf6 (24... Qd6 {was necessary.} 25. Nxg7 Kxg7) 25. Bg3 d4 $2 {[%emt 0:01:59] [#]} (25... a6) 26. cxd4 Qd5+ 27. Kh2 Nxd4 28. Nxd4 Qxd4 29. b3 Nd5 (29... Qb2 $142 30. Qxb2 Bxb2) 30. Bc4 {[%emt 0:04:54] This pair of bishops is nice.} b5 (30... Re7 $142 31. Qf3 Rxc4 32. bxc4 (32. Rxe7 Rc3 $18) 32... Ne3 33. Rxe3 (33. Qxf6 Nxg4+ 34. Kg2 Nxf6 $11) 33... Rxe3 34. Qxf6 Qxf6 35. Rxf6 Re4) 31. Rd1 $2 {[%emt 0:01:02] [#]} (31. Qe6 Rd8 32. Rd1 (32. Bxb5 Qb6 $18) (32. Rxf6 Qxf6 33. Bxd5 Qxe6 $18) 32... Qb2+ 33. Rf2 Qxf2+ 34. Bxf2 bxc4 35. Rxd5) 31... Rxc4 (31... Qe3) 32. Rxd4 Rxd4 33. g5 Re7 34. Qxb5 Rd2+ 35. Kh3 Bg7 36. Qb8+ {[%emt 0:00:11] White took control after the opening.   Weighted Error Value: White=0.52/Black=0.87.  Mistake:       	White=1     	Black=6      Inaccurate:     	White=1     	Black=3      OK:         	White=14    	Black=5} 1-0

[Event "XTX Markets London Masters 2024"]
[Site "London"]
[Date "2024.11.30"]
[Round "2.28"]
[White "Radovanovic, Jovica"]
[Black "Smith, Andrew Philip"]
[Result "1-0"]
[ECO "A56"]
[WhiteElo "2248"]
[BlackElo "2136"]
[Annotator "RC"]
[PlyCount "95"]
[EventDate "2024.11.28"]
[EventType "swiss"]
[EventCountry "ENG"]
[SourceTitle "playchess.com"]
[Source "ChessBase"]
[SourceQuality "1"]
[TimeControl "40/5400+30:1800+30"]

1. d4 Nf6 2. c4 c5 3. d5 e5 4. Nc3 d6 5. e4 Be7 6. Nf3 Nbd7 7. g3 Nb6 8. h3 Rb8 9. Be3 Bd7 10. g4 g6 11. Rg1 Na8 12. Nd2 Nc7 13. Qc2 b5 14. cxb5 Nxb5 15. Nxb5 Bxb5 16. Bxb5+ Rxb5 17. Nc4 Nd7 18. Bd2 Nb8 19. Rg3 O-O 20. Rb3 a6 21. a4 Rxb3 22. Qxb3 Bh4 23. Qf3 Qe7 24. Ke2 Nd7 25. Rg1 Rb8 26. b3 f6 27. Kd1 Bg5 28. Ba5 Nf8 29. Kc2 Kg7 30. Rh1 Bh4 31. Rf1 Bg5 32. Qd3 Nd7 33. Bc7 Rb4 34. Ba5 Rb7 35. f3 Nf8 36. Be1 Nd7 37. Na5 c4 38. Qxc4 Nb6 39. Qxa6 Qc7+ 40. Nc6 Nd7 41. Bf2 Nc5 42. Qa5 Rb6 43. b4 Qb7 44. Bxc5 dxc5 45. b5 Qc7 46. Qc3 c4 47. Rb1 Qd6 48. Qb4 1-0